 Dungeon Crawl Stone Soup version 0.25-a0-566-g062765be81 (webtiles) character file.

Game seed: 6901268544199709288, levelgen mode: deterministic

10154 Flugslaktarn the Cleaver (level 11, 0/100 HPs)
             Began as a Minotaur Fighter on Feb 27, 2020.
             Was an Initiate of Gozag.
             Slain by a bullfrog (4 damage)
             ... on level 12 of the Dungeon.
             The game lasted 00:04:44 (9063 turns).

Flugslaktarn the Cleaver (Minotaur Fighter)         Turns: 9063, Time: 00:04:45

Health: 0/100      AC: 17    Str: 24    XL:     11   Next: 32%
Magic:  0/10       EV:  7    Int:  5    God:    Gozag
Gold:   285        SH: 13    Dex: 16    Spells: 10/10 levels left

rFire    + . .     SeeInvis .   a - +1 war axe
rCold    x . .     Gourm    .   c - +0 kite shield
rNeg     + . .     Faith    .   g - +4 chain mail {rF+}
rPois    .         Spirit   .   (helmet restricted)
rElec    .         Reflect  .   (no cloak)
rCorr    +         Harm     .   y - +0 pair of gloves of the Saviour {MR- rCorr Dex+3}
MR       .....                  (no boots)
Stlth    ..........             (no amulet)
HPRegen  0.26/turn              o - ring "Fyliach" {rC- rN+ MR+ Dex+3}
MPRegen  0.12/turn              (no ring)

@: no status effects
A: retaliatory headbutt, horns 2
a: Potion Petition, Call Merchant, Bribe Branch, Renounce Religion


You were on level 12 of the Dungeon.
You worshipped Gozag.
Gozag was aware of your devotion.
You were hungry.

You visited 1 branch of the dungeon, and saw 12 of its levels.

You collected 1688 gold pieces.
You spent 862 gold pieces at shops.
You paid 541 gold pieces to Gozag.

Inventory:

Hand Weapons
 a - a +1 war axe (weapon)
 p - a +2 scimitar of flaming
   (You took it off Erica on level 8 of the Dungeon)
Missiles
 h - 4 throwing nets (quivered)
Armour
 c - a +0 kite shield (worn)
 g - a +4 chain mail of fire resistance (worn)
   (You took it off Harold on level 8 of the Dungeon)
 y - the +0 pair of gloves of the Saviour (worn) {MR- rCorr Dex+3}
   (You bought it in a shop on level 13 of the Dungeon)

   It affects your dexterity (+3).
   It affects your resistance to hostile enchantments.
   It provides partial protection from all sources of acid and corrosion.
   If you remove this armour, your AC will decrease by 2 (17 -> 15).
Jewellery
 o - the ring "Fyliach" (left hand) {rC- rN+ MR+ Dex+3}
   (You found it on level 6 of the Dungeon)

   [ring of dexterity]

   It affects your dexterity (+3).
   It makes you vulnerable to cold.
   It protects you from negative energy.
   It affects your resistance to hostile enchantments.
Wands
 j - a wand of acid (6)
   (You found it on level 4 of the Dungeon)
 k - a wand of paralysis (9)
   (You found it on level 8 of the Dungeon)
 v - a wand of digging (17)
   (You found it on level 6 of the Dungeon)
Scrolls
 b - a scroll of vulnerability {unknown}
 i - a scroll of immolation
 u - a scroll of fog
 w - a scroll of remove curse
Potions
 d - 2 potions of might
 f - a potion of berserk rage
 l - a potion of degeneration {unknown}
 m - a potion of magic
 n - a potion of heal wounds
 q - 2 potions of flight
 r - a potion of mutation {unknown}
 s - a potion of curing {unknown}
Comestibles
 e - 8 rations


   Skills:
 + Level 10.2 Fighting
 * Level 13.3 Axes
 + Level 10.3 Armour
 + Level 10.2 Shields


You had 10 spell levels left.
You didn't know any spells.
Your spell library was empty.

Dungeon Overview and Level Annotations

Branches:
Dungeon (13/15)            Temple (0/1) D:6
   Lair: D:8-11         Orc: D:9-12      Vaults: D:13-14

Altars:
Cheibriados
Dithmenos
Fedhas
Gozag
Hepliaklqana
Kikubaaqudgha
Makhleb
Nemelex Xobeh
Qazlal
Sif Muna
Uskayaw
Xom

Shops:
D:6 %   D:7 %   D:13 [


Innate Abilities, Weirdness & Mutations

You reflexively headbutt those who attack you in melee.
You have a pair of horns on your head.


Message History

The bullfrog hits you but does no damage.
The white ugly thing tail-slaps you!
* * * LOW HITPOINT WARNING * * *
The white ugly thing freezes you!!!
You feel a terrible chill!
* * * LOW HITPOINT WARNING * * *
The quasit bites you but does no damage.
The quasit claws you but does no damage. x2
The eye of draining gazes at you.
You turn to flesh and can move again.
You are too injured to fight recklessly!
You are too injured to fight recklessly!
You are too injured to fight recklessly!
Unknown command.
The bullfrog hits you but does no damage.
The bullfrog releases a deep croak.
There is a stone staircase leading down here.
You can't go up here!
The bullfrog hits you.
You die...
Your body crumbles into a pile of gold.

#....# #....#
#....#
#....#####
#........#
#........#
#...######
#...# #.@.#
#.uF#
+######+#55.#
.......GK.l.#
............#
............#
.......######
.......
....###


You could see a white ugly thing, a kobold demonologist, a basilisk, a bullfrog,
a quasit and an ufetubus.

Vanquished Creatures
  Harold (D:8)
  Erica (D:8)
  A death knight (D:13)
  A two-headed ogre (D:8)
  A manticore (D:13)
  Psyche (D:8)
  A kobold demonologist (D:13)
  Grinder (D:6)
  Prince Ribbit (D:8)
  2 hippogriffs (D:8)
  A spriggan (D:8)
  A vampire (D:9)
  Grum (D:8)
  A hungry ghost (D:9)
  Menkaure (D:6)
  Edmund (D:5)
  3 water moccasins
  A sky beast (D:8)
  A necrophage (D:13)
  3 ice beasts
  A hornet zombie (D:9)
  A phantom (D:9)
  6 ogres
  4 wolves (D:8)
  An eye of draining (D:9)
  A centaur (D:5)
  2 big kobolds (D:13)
  9 bullfrogs
  A water moccasin zombie (D:7)
  7 scorpions
  A howler monkey (D:5)
  An electric eel (D:9)
  5 crimson imps
  7 centaur skeletons
  A bullfrog zombie (D:6)
  3 hounds
  2 jellies (D:9)
  4 orc priests
  An iguana (D:6)
  3 orc wizards
  13 worker ants
  3 hound zombies
  A howler monkey zombie (D:6)
  A worker ant zombie (D:4)
  11 adders
  A gnoll (D:4)
  A howler monkey skeleton (D:4)
  4 shadow imps
  2 oozes
  2 adder skeletons
  5 worms
  A dart slug (D:4)
  8 leopard geckos
  11 orcs
  3 ball pythons
  A bat (D:2)
  A giant cockroach (D:4)
  3 goblins
  4 hobgoblins
  4 jackals (D:8)
  7 quokkas
  4 frilled lizards
  7 kobolds
  A leopard gecko skeleton (D:4)
  A leopard gecko zombie (D:6)
  A rat (D:1)
187 creatures vanquished.

Vanquished Creatures (others)
  An orc wizard (D:9)
  2 orcs (D:9)
3 creatures vanquished.

Grand Total: 190 creatures vanquished

Notes
Turn   | Place    | Note
-------+----------+-------------------------------------------
     0 | D:1      | Flugslaktarn the Minotaur Fighter began the quest for the
                  | Orb.
     0 | D:1      | Reached XP level 1. HP: 19/19 MP: 0/0
   123 | D:2      | Reached XP level 2. HP: 27/27 MP: 1/1
   175 | D:2      | Reached skill level 3 in Axes
   237 | D:2      | Reached XP level 3. HP: 30/33 MP: 2/2
   624 | D:3      | Found a stormy altar of Qazlal.
   627 | D:3      | Found a shimmering altar of Xom.
   630 | D:3      | Found an opulent altar of Gozag.
   674 | D:3      | Reached XP level 4. HP: 35/40 MP: 3/3
   710 | D:3      | Became a worshipper of Gozag Ym Sagoz the Greedy
   768 | D:4      | Reached skill level 4 in Axes
   842 | D:4      | Noticed an ogre
   847 | D:4      | Killed an ogre
   847 | D:4      | Reached XP level 5. HP: 47/47 MP: 4/4
   886 | D:4      | Noticed an ogre
   898 | D:4      | Killed an ogre
   898 | D:4      | Reached skill level 5 in Axes
   898 | D:4      | Reached XP level 6. HP: 29/55 MP: 5/5
  1117 | D:4      | Reached skill level 5 in Armour
  1117 | D:4      | Reached skill level 5 in Shields
  1119 | D:4      | Reached skill level 5 in Fighting
  1450 | D:4      | Found a hazy altar of Hepliaklqana.
  1485 | D:4      | Reached skill level 6 in Axes
  1598 | D:5      | Entered Level 5 of the Dungeon
  1634 | D:5      | Reached XP level 7. HP: 42/61 MP: 6/6
  1752 | D:5      | Found a shadowy altar of Dithmenos.
  1852 | D:5      | Found a snail-covered altar of Cheibriados.
  1873 | D:5      | Noticed Edmund
  1891 | D:5      | Killed Edmund
  2053 | D:5      | Reached skill level 7 in Axes
  2308 | D:5      | Reached XP level 8. HP: 67/70 MP: 7/7
  2956 | D:6      | Noticed Grinder
  2974 | D:6      | Killed Grinder
  2974 | D:6      | Reached skill level 8 in Axes
  3172 | D:6      | Found a staircase to the Ecumenical Temple.
  3382 | D:6      | Found Gots's Food Shop.
  3403 | D:6      | Found a shimmering blue altar of Sif Muna.
  3407 | D:6      | Noticed Menkaure
  3414 | D:6      | Killed Menkaure
  3643 | D:6      | Found a burning altar of Makhleb.
  3643 | D:6      | Noticed a cacodemon
  3646 | D:6      | Noticed a smoke demon
  3833 | D:6      | Got an ancient amber ring
  3834 | D:6      | Identified the ring "Fyliach" {rC- rN+ MR+ Dex+3} (You
                  | found it on level 6 of the Dungeon)
  3980 | D:6      | Reached skill level 9 in Axes
  4172 | D:6      | Found a blossoming altar of Fedhas.
  4246 | D:7      | Reached XP level 9. HP: 79/79 MP: 8/8
  4327 | D:7      | Found Iniqucw's Food Emporium.
  5143 | D:8      | Found an ancient bone altar of Kikubaaqudgha.
  5148 | D:8      | Noticed Harold
  5157 | D:8      | HP: 1/79 [Harold/+0 flail (15)]
  5168 | D:8      | Killed Harold
  5168 | D:8      | Reached skill level 10 in Axes
  5513 | D:8      | Noticed Prince Ribbit
  5527 | D:8      | Killed Prince Ribbit
  5660 | D:8      | Reached skill level 11 in Axes
  5710 | D:8      | Reached XP level 10. HP: 81/90 MP: 9/9
  5838 | D:8      | Noticed a two-headed ogre
  5848 | D:8      | Killed a two-headed ogre
  6116 | D:8      | Noticed Grum
  6141 | D:8      | Killed Grum
  6385 | D:8      | Noticed Erica
  6395 | D:8      | Killed Erica
  6395 | D:8      | Reached skill level 12 in Axes
  6979 | D:8      | Found a sparkling altar of Nemelex Xobeh.
  7023 | D:8      | Noticed Psyche
  7034 | D:8      | Killed Psyche
  7965 | D:9      | Found a hide-covered altar of Uskayaw.
  8114 | D:9      | Reached XP level 11. HP: 99/99 MP: 10/10
  8529 | D:10     | Entered Level 10 of the Dungeon
  8536 | D:10     | You fall into a shaft and drop 3 floors!
  8536 | D:13     | Found Nuelluy's Antique Armour Boutique.
  8546 | D:13     | Bought a bloodstained plate armour for 644 gold pieces
  8546 | D:13     | Bought a pair of brightly glowing gloves for 218 gold
                  | pieces
  8554 | D:13     | Reached skill level 10 in Armour
  8567 | D:13     | Reached skill level 10 in Fighting
  8567 | D:13     | Reached skill level 13 in Axes
  8567 | D:13     | Reached skill level 10 in Shields
  8584 | D:13     | Identified the +1 plate armour of Intercession {+Fly Int+4}
                  | (You bought it in a shop on level 13 of the Dungeon)
  8589 | D:13     | Identified the cursed +0 pair of gloves of the Saviour {MR-
                  | rCorr Dex+3} (You bought it in a shop on level 13 of the
                  | Dungeon)
  8606 | D:13     | Noticed a death knight
  8621 | D:13     | Killed a death knight
  9046 | D:12     | Noticed a white ugly thing
  9060 | D:12     | HP: 4/100 [white ugly thing (22)]
  9063 | D:12     | Slain by a bullfrog

Levels and vault maps discovered:
D:1:      dpeg_arrival_short_road, layout_basic
D:2:      layout_basic, minmay_tetromino_l4
D:3:      layout_basic, grunt_temple_overflow_diamond,
          cheibrodos_sewer_entry_drain, first_ration,
          kennysheep_generic_room_14, uniq_sigmund
D:4:      minmay_chambers_of_threes, layout_basic, kennysheep_mini
D:5:      layout_cave_pods, lemuel_doored_altar, cheibriados_altar_1,
          kennysheep_cluttered_room, uniq_edmund
D:6:      layout_basic, makhleb_altar_promises_db, marbit_many_paths,
          minmay_temple_entry_ruins, basic_altar, serial_shops,
          nicolae_shop_waterfront, minmay_joined_circles, uniq_menkaure,
          uniq_grinder
D:7:      layout_loops_ring, serial_shops, shop_statue
D:8:      kennysheep_blocky_room, layout_rooms,
          nemelex_xobeh_ov_fountains_minmay, basic_altar, the_bakery,
          uniq_harold, uniq_prince_ribbit1, uniq_grum, uniq_erica, uniq_psyche
D:9:      layout_roguey, lemuel_round_altar, enter_bailey_8,
          nicolae_water_bricks
D:10:     minmay_flawed_box, layout_cave_pools, dpeg_lair_monsters, basic_altar,
          serial_shops, kennysheep_mini_moat
D:12:     layout_irregular_city, minmay_orc_entry_temple_small, serial_shops,
          shop, basic_altar
D:13:     minmay_strange_plus, layout_basic, serial_shops, shop, shop

Skill      XL: |  1  2  3  4  5  6  7  8  9 10 11 |
---------------+----------------------------------+-----
Axes           | 3 4 5 6 7 9 11 12 13 | 13.3
Armour         | 4 5 6 7 8 9 10 | 10.3
Shields        | 4 5 6 7 8 9 10 | 10.2
Fighting       | 4 5 6 7 8 9 10 | 10.2

Action                   |  1- 3 |  4- 6 |  7- 9 | 10-12 || total
-------------------------+-------+-------+-------+-------++-------
Melee: War axe           |    79 |    58 |   287 |   247 ||   671
       Headbutt          |     7 |    17 |    60 |    49 ||   133
Invok: Potion Petition   |       |       |     1 |     1 ||     2
  Use: Scroll            |       |       |     9 |     4 ||    13
       Potion            |       |       |       |     1 ||     1
  Eat: Ration            |       |     1 |     4 |     3 ||     8
Armor: Scale mail        |    26 |    15 |    10 |       ||    51
       Chain mail        |       |       |    85 |   134 ||   219
Dodge: Dodged            |    26 |    14 |    53 |    51 ||   144
Block: Kite shield       |    43 |    24 |   136 |   122 ||   325

Table legend:
 A = Non-vault XP
 B = Vault XP
 C = Vault XP percentage of total XP
 D = Non-vault monster count
 E = Vault monster count
 F = Vault count percentage of total count
                 A         B        C        D         E       F
            +---------+---------+-------+---------+---------+-------
      Total |    8339 |    6167 |  42.5 |     143 |      44 |  23.5
            +---------+---------+-------+---------+---------+-------
        D:1 |       8 |       0 |   0.0 |       5 |       0 |   0.0
        D:2 |      53 |       8 |  13.1 |      11 |       3 |  21.4
        D:3 |      27 |       1 |   3.6 |       6 |       1 |  14.3
        D:4 |     394 |     202 |  33.9 |      12 |       9 |  42.9
        D:5 |     665 |     164 |  19.8 |      17 |       1 |   5.6
        D:6 |     555 |     649 |  53.9 |      16 |      12 |  42.9
        D:7 |     722 |       0 |   0.0 |      19 |       0 |   0.0
        D:8 |    1616 |    4617 |  74.1 |      23 |      17 |  42.5
        D:9 |    1861 |       0 |   0.0 |      21 |       0 |   0.0
       D:10 |       3 |       0 |   0.0 |       1 |       0 |   0.0
       D:13 |    2435 |     526 |  17.8 |      12 |       1 |   7.7
            +---------+---------+-------+---------+---------+-------
